 Dungeon Crawl Stone Soup version 0.31-a0-229-g1fc7ce93e2 (webtiles) character file.

Game seed: 17766080148746850845

767 gelatine the Firebug (level 7, -7/50 HPs)
             Began as a Demonspawn Fire Elementalist on July 7, 2023.
             Shot with an arrow by a centaur (13 damage)
             ... on level 5 of the Dungeon.
             The game lasted 00:12:08 (5499 turns).

gelatine the Firebug (Demonspawn Fire Elementalist) Turns: 5499, Time: 00:12:09

Health: -7/50      AC:  7    Str: 10    XL:     7   Next: 52%
Magic:  3/13       EV: 13    Int: 18    God:
Gold:   37         SH:  0    Dex: 14    Spells: 9/15 levels left

rFire   . . .        e - +2 short sword (vamp)
rCold   . . .        (no shield)
rNeg    . . .        q - +2 robe "Mauqoyco" {Str+2}
rPois   .            m - +0 helmet
rElec   .            t - +0 cloak
rCorr   +            u - +0 pair of gloves
SInv    .            (no boots)
Will    .....        (no amulet)
Stlth   ++           l - ring of resist corrosion
HPRegen 0.28/turn    (no ring)
MPRegen 0.13/turn

%: no passive effects
@: no status effects
A: hooves 1, foul stench 2
a: no special abilities


You were on level 5 of the Dungeon.
You visited 1 branch of the dungeon, and saw 5 of its levels.

You collected 261 gold pieces.
You spent 224 gold pieces at shops.

Inventory:

Hand Weapons
 e - a +2 vampiric short sword (weapon)
Armour
 m - a +0 helmet (worn)
 q - the +2 robe "Mauqoyco" (worn) {Str+2}
   (You bought it in a shop on level 2 of the Dungeon)

   Str:       It affects your strength (+2).
 t - a +0 cloak (worn)
 u - a +0 pair of gloves (worn)
Jewellery
 l - a ring of resist corrosion (left hand)
Scrolls
 a - 2 scrolls of brand weapon {unknown}
 c - a scroll of amnesia
 f - a scroll of fear
 h - 2 scrolls of revelation {unknown}
 k - a scroll of teleportation {unknown}
 n - a scroll of fog {unknown}
 o - a scroll of enchant armour {unknown}
 r - 2 scrolls of noise {unknown}
 s - a scroll of enchant weapon {unknown}
Potions
 b - 3 potions of magic
 d - a potion of haste
 g - a potion of brilliance
 i - 2 potions of attraction
 j - a potion of resistance
 p - a potion of curing
 v - a potion of berserk rage {unknown}


   Skills:
 * Level 2.1 Fighting
 + Level 0.2 Short Blades
 + Level 0.1 Polearms
 * Level 2.9 Dodging
 + Level 2.1 Stealth
 * Level 4.6 Spellcasting
 * Level 3.1 Conjurations
 * Level 0.2 Translocations
 * Level 5.1 Fire Magic


You had 9 spell levels left.
You knew the following spells:

 Your Spells              Type           Power      Damage    Failure   Level
a - Foxfire               Conj/Fire      72%        2x1d7     2%          1
b - Scorch                Fire           44%        2d7       2%          2
c - Volatile Blastmotes   Fire/Tloc      26%        2d12      14%         3

Your spell library contained the following spells:

 Spells                   Type           Power      Damage    Failure   Level
 Magic Dart               Conj           60%        1d6       3%          1
 Beastly Appendage        Tmut           8%         N/A       14%         1
 Inner Flame              Hex/Fire       13%        N/A       14%         3
 Call Imp                 Summ           8%         N/A       22%         2
 Ensorcelled Hibernation  Hex/Ice        8%         N/A       22%         2
 Wereblood                Tmut           4%         N/A       22%         2
 Mephitic Cloud           Conj/Pois/Air  7%         N/A       26%         3
 Flame Wave               Conj/Fire      18%        2d7       26%         4
 Spider Form              Tmut/Pois      4%         N/A       38%         3
 Anguish                  Hex/Necr       2%         N/A       80%         4


Dungeon Overview and Level Annotations

Branches:
Dungeon (5/15)
 Temple: D:4-7

Altars:
Wu Jian
Yredelemnul

Shops:
D:2 [


Innate Abilities, Weirdness & Mutations

You have large cloven feet.
You sometimes emit foul miasma when damaged in melee.


Message History

You kill the jelly!
The concussive blast engulfs your foxfire.
Your foxfire completely resists.
The concussive blast engulfs you!
You hear a shout!
The foxfire hits the orc.
The orc is heavily wounded.
Things that are here:
a +0 short sword; a +0 robe
Casting: Volatile Blastmotes (dangerous; 14% risk of failure)
Confirm with . or Enter, or press ? or * to list all spells.
You miscast Volatile Blastmotes.
You are very lightly contaminated with residual magic.
Nothing appears to happen.
Casting: Volatile Blastmotes (dangerous; 14% risk of failure)
Confirm with . or Enter, or press ? or * to list all spells.
A cloud of volatile blastmotes flares up around you!
The cloud of blastmotes explodes!
The concussive blast engulfs the orc!
You kill the orc!
You hear an angry hiss.
Your magical contamination has completely faded away.
A centaur comes into view.
You conjure some foxfire!
The centaur wields a +0 shortbow.
The centaur shoots an arrow.
The arrow hits you!
The centaur shoots an arrow.
The arrow hits you!
You conjure some foxfire!
Casting: Foxfire (safe; 2% risk of failure)
Confirm with . or Enter, or press ? or * to list all spells.
You don't have enough magic to cast this spell.
Your foxfire dissipates!
The foxfire hits the centaur.
The centaur is moderately wounded.
Your foxfire dissipates!
The centaur shoots an arrow.
The arrow hits you!
The centaur shoots an arrow.
The arrow hits you.
* * * LOW HITPOINT WARNING * * *
The centaur shoots an arrow.
The arrow hits you!
* * * LOW HITPOINT WARNING * * *
The centaur shoots an arrow.
The arrow hits you!
You die...

.........).########
###.o...#..c§§§..#
###.###.########c#
.....# #.# #.#
.###.###.# #.#
#.....# #.# ###.###
#.# #..##########.#
#....<......@.#
#####..############
.......# #####..#
#..# #..# #..# #..#
#..#


You could see a centaur.

Vanquished Creatures
  A sky beast (D:3)
  A black bear (D:4)
  An ogre (D:5)
  Blork the orc (D:5)
  A scorpion (D:4)
  2 jellies
  A hound (D:4)
  An iguana (D:4)
  A sleepcap (D:4)
  An orc wizard (D:4)
  Robin (D:2)
  4 gnolls
  5 adders
  4 worms
  A dart slug (D:3)
  6 orcs
  8 endoplasms
  6 giant cockroaches
  17 goblins
  13 hobgoblins
  3 jackals (D:4)
  2 quokkas
  7 ball pythons
  8 bats
  2 frilled lizards (D:1)
  7 kobolds
  4 rats
109 creatures vanquished.

Vanquished Creatures (collateral kills)
  6 foxfires (D:1)
6 creatures vanquished.

Vanquished Creatures (others)
  355 foxfires
355 creatures vanquished.

Grand Total: 470 creatures vanquished

Notes
Turn   | Place    | Note
-------+----------+-------------------------------------------
     0 | D:1      | gelatine the Demonspawn Fire Elementalist began the quest
                  | for the Orb.
     0 | D:1      | Reached XP level 1. HP: 13/13 MP: 3/3
   110 | D:1      | Reached skill level 3 in Fire Magic
   134 | D:1      | Gained mutation: You have large cloven feet. [demonic
                  | ancestry]
   134 | D:1      | Reached XP level 2. HP: 19/19 MP: 1/5
   445 | D:1      | Learned a level 2 spell: Scorch
   764 | D:1      | Reached XP level 3. HP: 24/24 MP: 0/6
  1634 | D:2      | Reached XP level 4. HP: 30/30 MP: 4/8
  1957 | D:2      | Noticed Robin
  1966 | D:2      | Killed Robin
  2047 | D:2      | Found Ofakkuxt's Antique Armour Emporium.
  2615 | D:3      | Noticed a sky beast
  2628 | D:3      | Killed a sky beast
  2629 | D:3      | Reached skill level 1 in Fighting
  2629 | D:3      | Gained mutation: You may rarely emit foul miasma when
                  | damaged in melee. [demonic ancestry]
  2629 | D:3      | Reached XP level 5. HP: 12/37 MP: 0/9
  3038 | D:3      | Reached skill level 4 in Fire Magic
  3209 | D:3      | Found an ornate altar of the Wu Jian Council.
  3682 | D:3      | Found a basalt altar of Yredelemnul.
  3792 | D:2      | Bought a warped robe for 125 gold pieces
  3792 | D:2      | Identified the +2 robe "Mauqoyco" {Str+2} (You bought it in
                  | a shop on level 2 of the Dungeon)
  3857 | D:4      | Reached XP level 6. HP: 41/43 MP: 0/11
  4382 | D:4      | Gained mutation: You sometimes emit foul miasma when
                  | damaged in melee. [demonic ancestry]
  4382 | D:4      | Reached XP level 7. HP: 49/49 MP: 8/13
  4566 | D:4      | Learned a level 3 spell: Volatile Blastmotes
  5066 | D:5      | Entered Level 5 of the Dungeon
  5136 | D:2      | Bought a pair of gloves for 99 gold pieces
  5244 | D:5      | Reached skill level 5 in Fire Magic
  5345 | D:5      | Noticed Blork the orc
  5360 | D:5      | Killed Blork the orc
  5499 | D:5      | Shot with an arrow by a centaur

Illustrated notes

Levels and vault maps discovered:
D:1:      roderic_crop_circles_arrival_small, layout_loops_ring,
          minmay_pentomino_p4
D:2:      layout_basic, serial_shops, shop, uniq_robin
D:3:      layout_loops_ring, nicolae_tso_carved_into_rock,
          mainiacjoe_overflow_alcove_2, nzn_wu_jian_contemplation,
          grunt_ministairs_2, minmay_surrounded
D:4:      layout_basic, chequers_serial_rivers_large_b
D:5:      layout_loops_ring, lemuel_crystal_altar, mainiacjoe_overflow_catwalk,
          chequers_serial_rivers_small_b, uniq_blork_the_orc

Skill      XL: |  1  2  3  4  5  6  7 |
---------------+----------------------+-----
Fire Magic     | 3 4 5 |  5.1
Dodging        | 2 |  2.9
Conjurations   | 2 3 |  3.1
Fighting       | 1 2 |  2.1
Stealth        | 2 |  2.1
Spellcasting   | 3 4 |  4.6
Short Blades   | |  0.2
Polearms       | |  0.1
Translocations | |  0.2

Action                     |  1- 3 |  4- 6 |  7- 9 || total
---------------------------+-------+-------+-------++-------
  Melee: Trident           |    16 |       |       ||    16
         Unarmed           |     3 |       |       ||     3
         Short sword       |       |    40 |       ||    40
         Kick              |       |     9 |       ||     9
         Punch             |       |     1 |       ||     1
   Cast: Foxfire           |    81 |   108 |    23 ||   212
         Scorch            |     1 |    15 |     5 ||    21
         Volatile Blastmot |       |       |     6 ||     6
    Use: Scroll            |     3 |     3 |     1 ||     7
 Armour: Robe              |     3 |    14 |       ||    17
  Dodge: Dodged            |     8 |    23 |     1 ||    32

Table legend: (Time is in decaauts)
 A = Elapsed time spent in this place.
 B = Non-inter-level travel time spent in this place.
 C = Inter-level travel time spent in this place.
 D = Time resting spent in this place.
 E = Time spent auto-exploring this place.
 F = Levels seen in this place.
 G = Mean time per level.
                   A        B        C        D        E       F      G
               +--------+--------+--------+--------+--------+-----+--------+
         Total |   5555 |   5251 |    304 |      0 |   4529 |   5 | 1111.0 |
       Dungeon |   5555 |   5251 |    304 |      0 |   4529 |   5 | 1111.0 |
               +--------+--------+--------+--------+--------+-----+--------+

Top non-repeatable levels by time:
     D:2: 1556 daAuts
     D:4: 1339 daAuts
     D:1: 1193 daAuts
     D:3: 1173 daAuts
     D:5: 293 daAuts
